 Dungeon Crawl Stone Soup version 0.18.1-8-gdd0e5ea (webtiles) character file.

8150 GFox the Protected (level 11, -5/95 HPs)
             Began as a Minotaur Monk on May 22, 2016.
             Was a High Priest of Qazlal.
             Slain by Snorg (8 damage)
             ... on level 10 of the Dungeon.
             The game lasted 01:10:25 (8694 turns).

GFox the Protected (Minotaur Monk)                  Turns: 8694, Time: 01:10:26

Health: -5/95      AC: 16    Str: 23    XL:     11   Next: 6%
Magic:  19/19      EV: 17    Int: 10    God:    Qazlal [*****.]
Gold:   491        SH: 19    Dex: 19    Spells: 0 memorised, 10 levels left

rFire  . . .     SeeInvis +     p - +2 hand axe (venom)
rCold  . . .     Gourm    .     o - +2 chain mail of Pride {Int+3}
rNeg   . . .     Faith    .     l - +0 shield
rPois  .         Spirit   .     (helmet restricted)
rElec  .         Dismiss  .     (no cloak)
rCorr  .         Reflect  .     (no gloves)
SustAt .         Harm     .     (no boots)
MR     .....                    (no amulet)
Stlth  +.........               C - ring of magical power
                                t - ring of see invisible

@: mighty, agile, lethally poisoned (-5 -> -6), about to teleport, protected
from physical damage, very slightly contaminated, hasted and slowed, repel
missiles, not resistant to hostile enchantments, very unstealthy
A: retaliatory headbutt, horns 2
a: Upheaval, Elemental Force, Disaster Area, Renounce Religion


You were on level 10 of the Dungeon.
You worshipped Qazlal.
Qazlal was extremely pleased with you.
You were not hungry.

You visited 1 branch of the dungeon, and saw 10 of its levels.

You collected 491 gold pieces.

Inventory:

Hand Weapons
 p - a +2 hand axe of venom (weapon)
Missiles
 B - 8 silver javelins (quivered)
Armour
 l - a +0 shield (worn)
 o - the +2 chain mail of Pride (worn) {Int+3}
   (You found it on level 2 of the Dungeon)

   It affects your intelligence (+3).
Jewellery
 t - a ring of see invisible (left hand)
 C - a ring of magical power (right hand)
 D - an uncursed ring of magical power
Wands
 d - a wand of paralysis (15/24)
 x - a wand of slowing (35/48)
Scrolls
 e - a scroll of recharging
 i - a scroll of remove curse
 r - a scroll of fear {unknown}
 s - a scroll of blinking {unknown}
 v - a scroll of magic mapping
 y - 2 scrolls of identify
 A - a scroll of fog
Potions
 g - a potion of might
 h - 2 potions of cancellation
 j - 2 potions of cure mutation
 k - 6 potions of resistance
 m - a potion of lignification {unknown}
 n - a potion of haste
 q - a potion of ambrosia
Comestibles
 b - 6 bread rations
 c - 2 meat rations
 f - 6 fruits
 u - 2 beef jerkies


   Skills:
 + Level 8.8 Fighting
 + Level 8.5 Axes
 + Level 10.2 Armour
 + Level 7.9 Dodging
 + Level 5.0 Stealth
 + Level 7.9 Shields
 + Level 5.4 Unarmed Combat


You had 10 spell levels left.
You didn't know any spells.

Dungeon Overview and Level Annotations

Branches:
Dungeon (10/15)            Temple (0/1) D:5
   Lair: D:8-11         Orc: D:9-12

Altars:
Dithmenos
Elyvilon
Fedhas
Gozag
Kikubaaqudgha
Makhleb
Okawaru
Qazlal
Ru
Sif Muna
Trog
Zin

Annotations:
D:10 Snorg


Innate Abilities, Weirdness & Mutations

You reflexively headbutt those who attack you in melee.
You have a pair of horns on your head.


Message History

You hear a shout!
You kill the adder!
Qazlal accepts your kill. Snorg bites you!
* * * LOW HITPOINT WARNING * * *
You feel more protected from physical attacks.
You block Snorg's attack. x2
The wraith is engulfed in roaring flames.
The wraith closely misses you. You furiously retaliate!
You headbutt the wraith!!
You destroy the wraith!
Qazlal accepts your kill.
Read which item? (? for menu, Esc to quit)
As you read the scroll of teleportation, it crumbles to dust.
You feel strangely unstable. You block Snorg's attack. Snorg barely misses you.
Snorg closely misses you. You block the orc's attack.
You feel sick. Snorg bites you but does no damage. Snorg barely misses you.
You block Snorg's attack. You block the orc's attack. Snorg misses you.
You furiously retaliate!
You headbutt Snorg! Snorg claws you!
You die...

^# ... .. ... ..
.... ####.
.....##...
.....#...
......§.########
.....§.@§oo...>.
.##%.§T.o.#####
....#####..# ###
##.## #..###
##.<.# ###..#
..... #...##


You could see Snorg (berserk) and 3 orcs.

Vanquished Creatures
  A death knight (D:9)
  A troll (D:9)
  The ghost of HazyBell the Gusty, an amateur TeAE (D:4)
  2 shadows (D:9)
  A wraith (D:10)
  2 wyverns (D:9)
  5 yaks (D:9)
  Grum (D:8)
  2 hippogriffs (D:8)
  A vampire mosquito (D:9)
  A water moccasin (D:9)
  2 orc warriors
  A wasp (D:6)
  5 ice beasts
  2 sky beasts (D:9)
  4 wolves (D:8)
  2 phantoms
  4 ogres
  3 centaurs
  A crocodile (D:9)
  2 big kobolds (D:9)
  6 giant frogs
  A gnoll sergeant (D:6)
  A wyvern skeleton (D:9)
  A water moccasin zombie (D:9)
  3 scorpions
  A killer bee (D:9)
  A wight (D:9)
  3 howler monkeys
  A jelly (D:8)
  2 crimson imps
  2 quasits (D:9)
  2 giant frog skeletons (D:4)
  4 orc priests
  5 centaur skeletons
  6 hounds
  9 orc wizards
  2 gnoll shamans (D:9)
  Jessica (D:3)
  2 iguanas (D:8)
  Natasha (D:3)
  6 worker ants
  A hound zombie (D:5)
  2 hound skeletons (D:5)
  A worker ant zombie (D:5)
  14 gnolls
  16 adders
  5 shadow imps
  An ooze (D:7)
  An adder zombie (D:9)
  An adder skeleton (D:7)
  2 worms (D:3)
  4 giant geckos
  22 orcs
  12 bats
  8 giant cockroaches
  6 goblins
  7 hobgoblins
  7 jackals
  8 quokkas
  3 giant newts (D:2)
  A jackal skeleton (D:6)
  8 kobolds
  A quokka zombie (D:8)
  11 rats
  6 butterflies (D:5)
  A plant (D:8)
253 creatures vanquished.

Notes
Turn   | Place    | Note
--------------------------------------------------------------
     0 | D:1      | GFox the Minotaur Monk began the quest for the Orb.
     0 | D:1      | Reached XP level 1. HP: 19/19 MP: 0/0
   268 | D:1      | Reached XP level 2. HP: 21/27 MP: 1/1
   934 | D:2      | Reached XP level 3. HP: 33/33 MP: 2/2
  1220 | D:2      | Reached skill level 5 in Unarmed Combat
  1225 | D:2      | Got a spiked chain mail
  1392 | D:2      | Identified the +2 chain mail of Pride {Int+3} (You found it on level 2 of the Dungeon)
  1476 | D:2      | Reached XP level 4. HP: 40/40 MP: 3/3
  1628 | D:2      | Found a stormy altar of Qazlal.
  1632 | D:2      | Became a worshipper of Qazlal Stormbringer
  1632 | D:2      | Reached * piety under Qazlal
  1632 | D:2      | Reached ** piety under Qazlal
  1950 | D:3      | Noticed Natasha
  1959 | D:3      | Killed Natasha
  1972 | D:3      | Reached XP level 5. HP: 35/47 MP: 4/4
  2164 | D:3      | Noticed Jessica
  2169 | D:3      | Killed Jessica
  2531 | D:4      | Reached skill level 1 in Axes
  2531 | D:4      | Reached skill level 1 in Armour
  2651 | D:4      | Reached XP level 6. HP: 53/53 MP: 5/5
  2685 | D:4      | Noticed HazyBell's ghost (amateur TeAE)
  2693 | D:4      | Killed HazyBell's ghost
  2693 | D:4      | Reached skill level 5 in Fighting
  2693 | D:4      | Reached skill level 2 in Armour
  2693 | D:4      | Reached skill level 5 in Dodging
  2978 | D:4      | Found an ancient bone altar of Kikubaaqudgha.
  3049 | D:4      | Found a burning altar of Makhleb.
  3049 | D:4      | Found a sacrificial altar of Ru.
  3136 | D:4      | Reached *** piety under Qazlal
  3178 | D:4      | Reached XP level 7. HP: 59/61 MP: 6/6
  3501 | D:5      | Entered Level 5 of the Dungeon
  3546 | D:5      | Reached skill level 3 in Armour
  3566 | D:5      | Found a staircase to the Ecumenical Temple.
  3690 | D:5      | Reached skill level 4 in Armour
  4105 | D:6      | Reached skill level 5 in Armour
  4105 | D:6      | Reached XP level 8. HP: 56/70 MP: 7/7
  4164 | D:6      | Found an iron altar of Okawaru.
  4214 | D:6      | Found an opulent altar of Gozag.
  4415 | D:6      | Found a shadowy altar of Dithmenos.
  4449 | D:6      | Reached skill level 6 in Armour
  4931 | D:6      | Reached skill level 7 in Armour
  5380 | D:7      | Reached skill level 5 in Axes
  5380 | D:7      | Reached XP level 9. HP: 79/79 MP: 8/8
  5451 | D:7      | Found a blossoming altar of Fedhas.
  5466 | D:7      | Reached **** piety under Qazlal
  5600 | D:7      | Found a glowing silver altar of Zin.
  5807 | D:7      | Reached skill level 8 in Armour
  5807 | D:7      | Reached skill level 1 in Shields
  6049 | D:8      | Found a white marble altar of Elyvilon.
  6112 | D:8      | Found a deep blue altar of Sif Muna.
  6149 | D:8      | Found a bloodstained altar of Trog.
  6202 | D:8      | Noticed Grum
  6206 | D:8      | Reached skill level 9 in Armour
  6213 | D:8      | Killed Grum
  7055 | D:9      | Reached skill level 5 in Shields
  7070 | D:9      | Reached ***** piety under Qazlal
  7095 | D:9      | Reached XP level 10. HP: 12/88 MP: 9/9
  7399 | D:9      | Noticed a death knight
  7412 | D:9      | Killed a death knight
  7853 | D:9      | Reached skill level 10 in Armour
  8013 | D:9      | Reached skill level 5 in Stealth
  8170 | D:9      | Reached XP level 11. HP: 50/95 MP: 10/10
  8669 | D:10     | Entered Level 10 of the Dungeon
  8674 | D:10     | Noticed Snorg
  8692 | D:10     | HP: 3/95 [Snorg (13)]
  8694 | D:10     | Slain by Snorg

Skill      XL: |  1  2  3  4  5  6  7  8  9 10 |
---------------+-------------------------------+-----
Fighting       | 4 5 6 7 8 |  8.8
Unarmed Combat | 5 |  5.4
Stealth        | 2 3 5 |  5.0
Dodging        | 4 5 6 7 |  7.9
Axes           | 1 3 5 6 8 |  8.5
Armour         | 1 2 5 7 9 10 | 10.2
Shields        | 5 7 |  7.9

Action                   |  1- 3 |  4- 6 |  7- 9 | 10-12 || total
-------------------------+-------+-------+-------+-------++-------
Melee: Dagger            |    78 |    17 |       |       ||    95
       Unarmed           |     6 |       |       |       ||     6
       Headbutt          |    10 |    12 |    77 |    50 ||   149
       Punch             |     1 |     2 |     5 |       ||     8
       Hand axe          |       |    74 |   341 |   156 ||   571
  Use: Scroll            |     3 |     2 |    17 |     1 ||    23
       Potion            |     1 |       |     1 |     7 ||     9
 Stab: Sleeping          |     3 |       |       |       ||     3
       Invisible         |       |       |       |    15 ||    15
  Eat: Chunk             |     2 |     4 |    11 |     4 ||    21
       Fruit             |       |     1 |       |       ||     1
       Pizza             |       |       |     1 |     1 ||     2
       Bread ration      |       |       |       |     1 ||     1
Armor: Robe              |    13 |       |       |       ||    13
       Chain mail        |     7 |    59 |   127 |    54 ||   247
Dodge: Dodged            |    69 |    44 |    98 |    69 ||   280
       Deflected         |       |       |       |     1 ||     1
Block: Other             |       |    11 |    14 |       ||    25
       Shield            |       |       |   123 |   192 ||   315
